3L
BROOKLYN DODGERS @ ECHO PARK LAKERS
09/29/2038
 
TOP OF THE 1ST
Brooklyn Dodgers batting - Pitching for Echo Park Lakers : RHP Nolan Howard
Pitching: RHP Nolan Howard
Batting: LHB Count Dante 0-0: Swinging Strike
0-1: Called Strike
0-2: Foul Ball, location: 2F
0-2: Strikes out looking
Batting: RHB Bill Chaundler 0-0: Called Strike
0-1: Swinging Strike
0-2: Ball
1-2: Strikes out looking
Batting: LHB Aaron Day 0-0: Foul Ball, location: 2F
0-1: Foul Ball, location: 2F
0-2: SINGLE (Groundball, 4MD, EV 109.4 MPH)
Batting: LHB Tony Wonder 0-0: Fly out, F8 (Line Drive, 8RM, EV 96.9 MPH)
Top of the 1st over - 0 runs, 1 hit, 0 errors, 1 left on base; Brooklyn 0 - Echo Park 0
BOTTOM OF THE 1ST
Echo Park Lakers batting - Pitching for Brooklyn Dodgers : LHP Hermenegildo Beliago
Pitching: LHP Hermenegildo Beliago
Batting: LHB Wu-shun Chu 0-0: Ball
1-0: Ball
2-0: Fly out, F8 (Flyball, 8LD, EV 94.4 MPH)
Batting: RHB Kyu-cheol Kye 0-0: Called Strike
0-1: SINGLE (Groundball, 56D, EV 101.9 MPH)
Batting: RHB Mario Castillo 0-0: Fly out, F9 (Line Drive, 9D, EV 96.2 MPH)
Batting: RHB Angeddy Almanzar 0-0: Ball
1-0: Fly out, F9 (Flyball, 89S, EV 87.5 MPH)
Bottom of the 1st over - 0 runs, 1 hit, 0 errors, 1 left on base; Brooklyn 0 - Echo Park 0
TOP OF THE 2ND
Brooklyn Dodgers batting - Pitching for Echo Park Lakers : RHP Nolan Howard
Batting: SHB Peer van Lochem 0-0: Ground out 3-1 (Groundball, 34, EV 83.8 MPH)
Batting: RHB Carlos Muñóz 0-0: Ground out 5-3 (Groundball, 56S, EV 86.2 MPH)
Batting: LHB Hugh Hill 0-0: Ground out 4-3 (Groundball, 34, EV 103.8 MPH)
Top of the 2nd over - 0 runs, 0 hits, 0 errors, 0 left on base; Brooklyn 0 - Echo Park 0
BOTTOM OF THE 2ND
Echo Park Lakers batting - Pitching for Brooklyn Dodgers : LHP Hermenegildo Beliago
Batting: RHB Komotay Koffie 0-0: SINGLE (Groundball, 6D, EV 99.4 MPH)
Batting: RHB Ryoma Yamamoto 0-0: Swinging Strike
Komotay Koffie steals 2nd base
0-1: Swinging Strike
0-2: DOUBLE (Line Drive, 7LM, EV 105.0 MPH)
Komotay Koffie scores
Batting: RHB Phil Gillespie 0-0: Swinging Strike
0-1: Foul Ball, location: 2F
0-2: Ball
1-2: Foul Ball, location: 2F
1-2: Ball
2-2: Fly out, F7 (Flyball, 78D, EV 90.0 MPH)
Batting: LHB Rich Watkins 0-0: Foul Ball, location: 2F
0-1: Ball
1-1: Ball
2-1: Ground out 4-3 (Groundball, 4, EV 81.9 MPH)
Ryoma Yamamoto to third
Batting: RHB Felipe Campos 0-0: DOUBLE (Line Drive, 7LS, EV 102.5 MPH)
Ryoma Yamamoto scores
Batting: LHB Wu-shun Chu 0-0: Fly out, F6 (Line Drive, 6, EV 74.4 MPH)
Bottom of the 2nd over - 2 runs, 3 hits, 0 errors, 1 left on base; Brooklyn 0 - Echo Park 2
TOP OF THE 3RD
Brooklyn Dodgers batting - Pitching for Echo Park Lakers : RHP Nolan Howard
Batting: RHB Cooper Lowe 0-0: SINGLE (Line Drive, 4D, EV 94.4 MPH)
Batting: RHB Olaf Esveld 0-0: Called Strike
0-1: Swinging Strike
0-2: Ball
1-2: Strikes out swinging
Batting: LHB Count Dante 0-0: Called Strike
0-1: Foul Ball, location: 2F
0-2: Strikes out swinging
Batting: RHB Bill Chaundler 0-0: Ball
1-0: Ball
2-0: Called Strike
2-1: Ball
3-1: Called Strike
3-2: 2-RUN HOME RUN (Flyball, 9LD, EV 106.2 MPH), Distance : 361 ft
Batting: LHB Aaron Day 0-0: Called Strike
0-1: Ball
1-1: Ball
2-1: Ball
3-1: Fly out, F8 (Flyball, 8RM, EV 81.2 MPH)
Top of the 3rd over - 2 runs, 2 hits, 0 errors, 0 left on base; Brooklyn 2 - Echo Park 2
BOTTOM OF THE 3RD
Echo Park Lakers batting - Pitching for Brooklyn Dodgers : LHP Hermenegildo Beliago
Batting: RHB Kyu-cheol Kye 0-0: Ball
1-0: Fly out, F8 (Line Drive, 8RD, EV 91.2 MPH)
Batting: RHB Mario Castillo 0-0: Ball
1-0: Ball
2-0: Swinging Strike
2-1: Ball
3-1: Base on Balls
Batting: RHB Angeddy Almanzar 0-0: Called Strike
0-1: Ball
1-1: Ball
2-1: Foul Ball, location: 2F
2-2: Foul Ball, location: 2F
2-2: Foul Ball, location: 2F
2-2: Ground out 5-3 (Groundball, 5S, EV 64.4 MPH)
Mario Castillo to second
Batting: RHB Komotay Koffie 0-0: Ball
1-0: Ball
2-0: Foul Ball, location: 2F
2-1: Foul Ball, location: 2F
2-2: SINGLE (Groundball, 6MD, EV 96.9 MPH)
Mario Castillo to third
Runner from 3rd tries for Home, SAFE, no throw by CF
Batting: RHB Ryoma Yamamoto 0-0: Fly out, F7 (Flyball, 7S, EV 93.1 MPH)
Bottom of the 3rd over - 1 run, 1 hit, 0 errors, 1 left on base; Brooklyn 2 - Echo Park 3
TOP OF THE 4TH
Brooklyn Dodgers batting - Pitching for Echo Park Lakers : RHP Nolan Howard
Batting: LHB Tony Wonder 0-0: Ball
1-0: Swinging Strike
1-1: Swinging Strike
1-2: Strikes out swinging
Batting: SHB Peer van Lochem 0-0: Swinging Strike
0-1: Called Strike
0-2: Ball
1-2: Foul Ball, location: 2F
1-2: Ball
2-2: Strikes out looking
Batting: RHB Carlos Muñóz 0-0: Foul Ball, location: 2F
0-1: SINGLE (Groundball, 4MD, EV 103.8 MPH)
Batting: LHB Hugh Hill 0-0: Ball
Passed Ball!
Carlos Muñóz to second
1-0: Ball
2-0: Swinging Strike
2-1: Ball
3-1: Swinging Strike
3-2: DOUBLE (Groundball, 3L, EV 103.8 MPH)
Carlos Muñóz scores
Batting: RHB Cooper Lowe 0-0: SINGLE (Flyball, 89S, EV 84.4 MPH)
Hugh Hill to third
Runner from 3rd tries for Home, SAFE, throw by RF to home
Batting: RHB Olaf Esveld 0-0: Foul Ball, location: 2F
0-1: Ball
1-1: Ball
2-1: Fielders Choice at 2nd, 5-4 (Groundball, 5, EV 88.8 MPH)
Top of the 4th over - 2 runs, 3 hits, 0 errors, 1 left on base; Brooklyn 4 - Echo Park 3
BOTTOM OF THE 4TH
Echo Park Lakers batting - Pitching for Brooklyn Dodgers : LHP Hermenegildo Beliago
Batting: RHB Phil Gillespie 0-0: Ball
1-0: Reached on error, E5 (Groundball, 56, EV 86.9 MPH)
Batting: LHB Rich Watkins 0-0: Called Strike
0-1: Ball
1-1: Called Strike
1-2: Foul Ball, location: 2F
1-2: Fielders Choice at 2nd, 2-4 (Groundball, 15S, EV 76.2 MPH)
Batting: RHB Felipe Campos 0-0: Ball
1-0: Fly out, F8 (Line Drive, 8LD, EV 92.5 MPH)
Batting: LHB Wu-shun Chu 0-0: Ground out 4-3 (Groundball, 4, EV 82.5 MPH)
Bottom of the 4th over - 0 runs, 0 hits, 1 error, 1 left on base; Brooklyn 4 - Echo Park 3
TOP OF THE 5TH
Brooklyn Dodgers batting - Pitching for Echo Park Lakers : RHP Nolan Howard
Batting: LHB Count Dante 0-0: Ball
1-0: Called Strike
1-1: Called Strike
1-2: Foul Ball, location: 2F
1-2: Foul Ball, location: 2F
1-2: SINGLE (Flyball, 7S, EV 90.0 MPH)
Batting: RHB Bill Chaundler 0-0: Ball
1-0: Fly out, F9 (Flyball, 9LSF, EV 88.8 MPH)
Batting: LHB Aaron Day 0-0: Called Strike
0-1: Ball
1-1: Foul Ball, location: 2F
1-2: Foul Ball, location: 2F
1-2: Ball
2-2: Strikes out looking
Batting: LHB Tony Wonder 0-0: Ball
1-0: Fly out, F8 (Flyball, 78S, EV 88.1 MPH)
Top of the 5th over - 0 runs, 1 hit, 0 errors, 1 left on base; Brooklyn 4 - Echo Park 3
BOTTOM OF THE 5TH
Echo Park Lakers batting - Pitching for Brooklyn Dodgers : LHP Hermenegildo Beliago
Batting: RHB Kyu-cheol Kye 0-0: Ground out 4-3 (Groundball, 4, EV 81.9 MPH)
Batting: RHB Mario Castillo 0-0: Ball
1-0: Ball
2-0: Foul Ball, location: 2F
2-1: Foul Ball, location: 2F
2-2: Fly out, F3 (Popup, 23F, EV 79.4 MPH)
Batting: RHB Angeddy Almanzar 0-0: Fly out, F9 (Flyball, 89M, EV 70.6 MPH)
Bottom of the 5th over - 0 runs, 0 hits, 0 errors, 0 left on base; Brooklyn 4 - Echo Park 3
TOP OF THE 6TH
Brooklyn Dodgers batting - Pitching for Echo Park Lakers : RHP Nolan Howard
Batting: SHB Peer van Lochem 0-0: Foul Ball, location: 2F
0-1: Foul Ball, location: 2F
0-2: Ground out U3 (Groundball, 3, EV 81.2 MPH)
Batting: RHB Carlos Muñóz 0-0: Called Strike
0-1: Swinging Strike
0-2: Foul Ball, location: 2F
0-2: Ball
1-2: Strikes out swinging
Batting: LHB Hugh Hill 0-0: Called Strike
0-1: Called Strike
0-2: Foul Ball, location: 2F
0-2: DOUBLE (Groundball, 3L, EV 96.9 MPH)
Batting: RHB Cooper Lowe 0-0: SINGLE (Groundball, 56D, EV 103.1 MPH)
Hugh Hill to third
Runner from 3rd tries for Home, SAFE, throw by LF to home
Batting: RHB Olaf Esveld 0-0: Called Strike
0-1: Ball
Cooper Lowe steals 2nd base
1-1: SINGLE (Groundball, 56D, EV 103.8 MPH)
Cooper Lowe to third
Runner from 3rd tries for Home, throw by LF and OUT! 7-2
Top of the 6th over - 1 run, 3 hits, 0 errors, 1 left on base; Brooklyn 5 - Echo Park 3
BOTTOM OF THE 6TH
Echo Park Lakers batting - Pitching for Brooklyn Dodgers : LHP Hermenegildo Beliago
Batting: RHB Komotay Koffie 0-0: Ball
1-0: Ball
2-0: Ball
3-0: Called Strike
3-1: Called Strike
3-2: Ground out 6-3 (Groundball, 6, EV 85.0 MPH)
Batting: RHB Ryoma Yamamoto 0-0: Ball
1-0: SINGLE (Groundball, 4, EV 81.9 MPH) (infield hit)
Batting: RHB Phil Gillespie 0-0: Ball
1-0: Swinging Strike
1-1: Foul Ball, location: 2F
1-2: Fly out, F9 (Flyball, 9LSF, EV 87.5 MPH)
Batting: LHB Rich Watkins 0-0: Ball
1-0: Ball
2-0: Ball
3-0: Base on Balls
Ryoma Yamamoto to second
Batting: RHB Felipe Campos 0-0: Called Strike
0-1: Fielders Choice at 2nd, 6-4 (Groundball, 6, EV 110.6 MPH)
Bottom of the 6th over - 0 runs, 1 hit, 0 errors, 2 left on base; Brooklyn 5 - Echo Park 3
TOP OF THE 7TH
Brooklyn Dodgers batting - Pitching for Echo Park Lakers : RHP Nolan Howard
Pitching: RHP Mark Collingwood
Batting: LHB Count Dante 0-0: Called Strike
0-1: Ball
1-1: Ball
2-1: Called Strike
2-2: Ball
3-2: Ground out 4-3 (Groundball, 4, EV 89.4 MPH)
Batting: RHB Bill Chaundler 0-0: Called Strike
0-1: Ball
1-1: Foul Ball, location: 2F
1-2: Ball
2-2: Strikes out looking
Batting: LHB Aaron Day 0-0: Ball
1-0: Called Strike
1-1: Ball
2-1: Ball
3-1: Foul Ball, location: 2F
3-2: Foul Ball, location: 2F
3-2: Fly out, F7 (Flyball, 78M, EV 89.4 MPH)
Top of the 7th over - 0 runs, 0 hits, 0 errors, 0 left on base; Brooklyn 5 - Echo Park 3
BOTTOM OF THE 7TH
Echo Park Lakers batting - Pitching for Brooklyn Dodgers : LHP Hermenegildo Beliago
Batting: LHB Wu-shun Chu 0-0: Swinging Strike
0-1: Ground out 4-3 (Groundball, 4, EV 84.4 MPH)
Batting: RHB Kyu-cheol Kye 0-0: Called Strike
0-1: Swinging Strike
0-2: Ball
1-2: Reached on error, E9 (Flyball, 9D, EV 96.2 MPH)
Batting: RHB Mario Castillo 0-0: Ball
1-0: Ball
2-0: Foul Ball, location: 2F
2-1: Ball
3-1: Called Strike
3-2: Foul Ball, location: 2F
3-2: Fly out, F8 (Flyball, 89M, EV 78.1 MPH)
Batting: RHB Angeddy Almanzar 0-0: Ground out 5-3 (Groundball, 5S, EV 71.2 MPH)
Bottom of the 7th over - 0 runs, 0 hits, 1 error, 1 left on base; Brooklyn 5 - Echo Park 3
TOP OF THE 8TH
Brooklyn Dodgers batting - Pitching for Echo Park Lakers : RHP Mark Collingwood
Batting: LHB Tony Wonder 0-0: Called Strike
0-1: Ball
1-1: Ball
2-1: Swinging Strike
2-2: Foul Ball, location: 2F
2-2: Strikes out swinging
Batting: SHB Peer van Lochem 0-0: Ball
1-0: Called Strike
1-1: Foul Ball, location: 2F
1-2: Strikes out swinging
Batting: RHB Carlos Muñóz 0-0: Fly out, F8 (Flyball, 89M, EV 88.8 MPH)
Top of the 8th over - 0 runs, 0 hits, 0 errors, 0 left on base; Brooklyn 5 - Echo Park 3
BOTTOM OF THE 8TH
Echo Park Lakers batting - Pitching for Brooklyn Dodgers : LHP Hermenegildo Beliago
Batting: RHB Komotay Koffie 0-0: Ball
1-0: Called Strike
1-1: Called Strike
1-2: Ground out 6-3 (Groundball, 6, EV 78.8 MPH)
Batting: RHB Ryoma Yamamoto 0-0: Swinging Strike
0-1: Foul Ball, location: 2F
0-2: Ball
1-2: Ball
2-2: Foul Ball, location: 2F
2-2: Ball
3-2: Single, Error in OF, E9, batter to second base (Groundball, 34D, EV 95.0 MPH)
Pitching: RHP Harrison Tuff
Batting: RHB Phil Gillespie 0-0: Swinging Strike
0-1: Ball
1-1: Swinging Strike
1-2: Strikes out swinging
Batting: LHB Rich Watkins 0-0: Ball
1-0: Ball
2-0: Ball
3-0: Called Strike
3-1: Foul Ball, location: 2F
3-2: Foul Ball, location: 2F
3-2: Base on Balls
Pinch Hitting: LHB Tomás Muinos 0-0: Fly out, F8 (Flyball, 89D, EV 92.5 MPH)
Bottom of the 8th over - 0 runs, 1 hit, 1 error, 2 left on base; Brooklyn 5 - Echo Park 3
TOP OF THE 9TH
Brooklyn Dodgers batting - Pitching for Echo Park Lakers : RHP Mark Collingwood
Now at SS: Tom Bancroft
Batting: LHB Hugh Hill 0-0: Ball
1-0: Ground out U3 (Groundball, 34, EV 87.5 MPH)
Batting: RHB Cooper Lowe 0-0: Foul Ball, location: 2F
0-1: Foul Ball, location: 2F
0-2: SINGLE (Groundball, 4MD, EV 97.5 MPH)
Batting: RHB Olaf Esveld 0-0: Fly out, F8 (Line Drive, 8RM, EV 93.1 MPH)
Batting: LHB Count Dante 0-0: Ball
1-0: Foul Ball, location: 2F
1-1: Swinging Strike
1-2: Strikes out swinging
Top of the 9th over - 0 runs, 1 hit, 0 errors, 1 left on base; Brooklyn 5 - Echo Park 3
BOTTOM OF THE 9TH
Echo Park Lakers batting - Pitching for Brooklyn Dodgers : RHP Harrison Tuff
Pitching: RHP Ramón Granados
Batting: LHB Wu-shun Chu 0-0: Ball
1-0: Called Strike
1-1: Foul Ball, location: 2F
1-2: SINGLE (Groundball, 56D, EV 94.4 MPH)
Batting: RHB Kyu-cheol Kye 0-0: Ball
Wild Pitch!
Wu-shun Chu to second
1-0: Ball
2-0: Called Strike
2-1: Foul Ball, location: 2F
2-2: SINGLE (Groundball, 5D, EV 100.0 MPH)
Wu-shun Chu to third
Batting: RHB Mario Castillo 0-0: Ball
1-0: Called Strike
1-1: Called Strike
1-2: Ball
2-2: Ball
3-2: Base on Balls
Kyu-cheol Kye to second
Batting: RHB Angeddy Almanzar 0-0: Foul Ball, location: 2F
0-1: GRAND SLAM HOME RUN (Flyball, 78XD, EV 93.1 MPH), Distance : 403 ft
Friday, April 17th, 2020 - OOTP Baseball 20.8 Build 74